 Dungeon Crawl Stone Soup version 0.24.0-29-g8ce449bc06 (webtiles) character file.

Game seed: 14203906609015220042, levelgen mode: deterministic

304 Delamore the Cleaver (level 6, -1/51 HPs)
             Began as a Hill Orc Fighter on Nov 14, 2019.
             Was an Elder of Cheibriados.
             Slain by an ogre
             ... wielding a +0 giant club
              (21 damage)
             ... on level 3 of the Dungeon.
             The game lasted 00:04:24 (2544 turns).

Delamore the Cleaver (Hill Orc Fighter)             Turns: 2544, Time: 00:04:25

Health: -1/51      AC:  8    Str: 30    XL:     6   Next: 38%
Magic:  6/6        EV:  7    Int: 17    God:    Cheibriados [****..]
Gold:   45         SH: 11    Dex: 19    Spells: 5/5 levels left

rFire    . . .     SeeInvis .   a - +0 war axe
rCold    + . .     Gourm    .   c - +0 shield
rNeg     . . .     Faith    .   b - +0 scale mail
rPois    .         Spirit   .   p - +0 helmet
rElec    .         Reflect  .   (no cloak)
rCorr    .         Harm     .   (no gloves)
MR       +....                  (no boots)
Stlth    ..........             (no amulet)
HPRegen  0.17/turn              e - ring of protection from magic
MPRegen  0.10/turn              o - ring of protection from cold

@: very slow
A: no striking features
a: Bend Time, Temporal Distortion, Slouch, Renounce Religion


You were on level 3 of the Dungeon.
You worshipped Cheibriados.
Cheibriados was greatly pleased with you.
You were not hungry.

You visited 1 branch of the dungeon, and saw 3 of its levels.
You also visited: Sewer.

You collected 45 gold pieces.

Inventory:

Hand Weapons
 a - a +0 war axe (weapon)
 r - a +0 war axe
Missiles
 l - 3 atropa-tipped darts (quivered)
 n - 5 javelins
Armour
 b - a +0 scale mail (worn)
 c - a +0 shield (worn)
 p - a +0 helmet (worn)
Jewellery
 e - a ring of protection from magic (left hand)
 k - an uncursed ring of protection from fire
 o - a ring of protection from cold (right hand)
 q - an uncursed ring of stealth
Scrolls
 h - a scroll of magic mapping {unknown}
 j - 2 scrolls of remove curse {unknown}
 m - 2 scrolls of identify {unknown}
 s - a scroll of blinking
Potions
 d - 3 potions of might
 g - a potion of cancellation {unknown}
 i - 8 potions of curing {unknown}
 t - a potion of brilliance {unknown}
 u - 2 potions of heal wounds {unknown}
 w - 2 potions of flight {unknown}
 x - 2 potions of agility {unknown}
Comestibles
 f - 3 rations
 v - 4 chunks of flesh


   Skills:
 - Level 3.6 Fighting
 + Level 8.7 Axes
 - Level 3.2 Armour
 - Level 3.2 Shields


You had 5 spell levels left.
You didn't know any spells.
Your spell library was empty.

Dungeon Overview and Level Annotations

Branches:
Dungeon (3/15)              Sewer (visited)

Altars:
Cheibriados


Message History

Aim: an ogre, wielding a +0 giant club (chance to blind on hit: 27%)
You throw an atropa-tipped dart. The atropa-tipped dart hits the ogre.
The ogre resists.
You hear a splash.
Your unstable footing causes you to fumble your attack.
You block the ogre's attack.
You hit the ogre.
The ogre is lightly wounded.
You slash the rat!
You kill the rat!
Cheibriados appreciates the change of pace.
The ogre hits you with a +0 giant club!!
Ouch! That really hurt!
You completely miss the ogre.
The ogre is lightly wounded.
The ogre hits you with a +0 giant club.
You slash the ogre!
The ogre is heavily wounded.
The ogre hits you with a +0 giant club!!
You die...

### ####### [.#
#...≈≈# ##
#.####..≈≈≈# ≈#
#...÷....#≈#######≈##
#.......≈≈≈#≈÷(O@†≈≈#
#..###..≈#≈#≈########
#..# #.≈≈≈≈#≈÷≈≈≈##≈#
#..# #..≈#≈#÷#≈#≈≈≈≈#
...# #..≈#≈#≈#≈######
.........#≈≈≈#≈≈≈≈≈.#
.........############
......# ####


You could see an ogre.

Vanquished Creatures
  3 gnolls (D:2)
  10 adders
  8 river rats
  An ooze (D:3)
  3 worms (D:3)
  2 dart slugs
  3 leopard geckos (D:1)
  5 ball pythons (Sewer)
  5 bats
  2 giant cockroaches (D:1)
  5 goblins
  4 hobgoblins
  2 jackals (D:3)
  A quokka (D:2)
  6 frilled lizards
  26 kobolds
  25 rats
111 creatures vanquished.

Notes
Turn   | Place    | Note
-------+----------+-------------------------------------------
     0 | D:1      | Delamore the Hill Orc Fighter began the quest for the Orb.
     0 | D:1      | Reached XP level 1. HP: 19/19 MP: 1/1
    18 | D:1      | Reached skill level 3 in Axes
    72 | D:1      | Reached XP level 2. HP: 26/26 MP: 2/2
   144 | D:1      | Reached skill level 4 in Axes
   342 | D:1      | Reached XP level 3. HP: 31/31 MP: 3/3
   545 | D:2      | Reached skill level 5 in Axes
   726 | D:2      | Reached XP level 4. HP: 28/39 MP: 4/4
   727 | D:2      | Reached skill level 6 in Axes
   914 | D:2      | Found a faded altar of an unknown god.
   916 | D:2      | Became a worshipper of Cheibriados the Contemplative
   916 | D:2      | Reached * piety under Cheibriados
  1373 | D:3      | Reached XP level 5. HP: 35/45 MP: 5/5
  1565 | D:3      | Reached skill level 7 in Axes
  1568 | D:3      | Reached ** piety under Cheibriados
  1620 | D:3      | Found a glowing drain.
  1632 | Sewer    | Entered a sewer
  1942 | Sewer    | Reached *** piety under Cheibriados
  2010 | Sewer    | Reached skill level 8 in Axes
  2010 | Sewer    | Reached XP level 6. HP: 47/51 MP: 6/6
  2440 | D:3      | Reached **** piety under Cheibriados
  2544 | D:3      | Slain by an ogre

Levels and vault maps discovered:
D:1:      dpeg_arrival_tiny_k, layout_rooms
D:2:      layout_loops_ring, chequers_ecumenical_altar_twisty
D:3:      layout_loops_ring, lightli_sewer_entry_pipes, minmay_between

Skill      XL: |  1  2  3  4  5 |
---------------+----------------+-----
Axes           | 3 4 5 6 8 |  8.7
Fighting       | |  3.6
Armour         | |  3.2
Shields        | |  3.2

Action                   |  1- 3 |  4- 6 || total
-------------------------+-------+-------++-------
Melee: War axe           |   110 |   179 ||   289
Throw: Dart              |       |     1 ||     1
  Use: Scroll            |       |     1 ||     1
  Eat: Chunk             |       |     3 ||     3
Armor: Scale mail        |    62 |    74 ||   136
Dodge: Dodged            |    35 |    59 ||    94
Block: Shield            |    55 |   110 ||   165
